 Dungeon Crawl Stone Soup version 0.30-a0-949-g53dc5368d7 (webtiles) character file.

Game seed: 3511575774167333

65 mopl the Changer (level 3, -3/17 HPs)
             Began as a Spriggan Transmuter on Mar 27, 2023.
             Was a Believer of Wu Jian.
             Constricted to death by Ijyb (5 damage)
             ... on level 3 of the Dungeon.
             The game lasted 00:02:13 (1745 turns).

mopl the Changer (Spriggan Transmuter)              Turns: 1745, Time: 00:02:14

Health: -3/17      AC:  2    Str:  6    XL:     3   Next: 92%
Magic:  5/8        EV: 17    Int: 14    God:    Wu Jian [**....]
Gold:   140        SH:  0    Dex: 22    Spells: 2/8 levels left

rFire   . . .      SeeInvis +      - Unarmed
rCold   . . .      Faith    .    (shield currently unavailable)
rNeg    . . .      Spirit   .    a - melded +0 robe
rPois   x          Reflect  .    (helmet currently unavailable)
rElec   .          Rampage  .    (cloak currently unavailable)
rCorr   .                        (gloves unavailable)
Will    .....                    (boots unavailable)
Stlth   ++                       (no amulet)
HPRegen 0.22/turn                (no ring)
MPRegen 0.11/turn                (no ring)

@: spider-form (expiring), grasped by roots, constricted
A: venomous fangs, tiny, no large weapons, unfitting armour, see invisible,
(speed 3)
a: End Transformation, Renounce Religion, Wall Jump


You were on level 3 of the Dungeon.
You worshipped Wu Jian.
Wu Jian was pleased with you.
You were a venomous arachnid creature.
You visited 1 branch of the dungeon, and saw 3 of its levels.

You collected 140 gold pieces.

Inventory:

Missiles
 f - 4 poisoned darts
Armour
 a - a +0 robe (melded)
Scrolls
 e - a scroll of identify {unknown}
 g - a scroll of amnesia {unknown}
 h - a scroll of vulnerability {unknown}
 i - a scroll of brand weapon {unknown}
 j - a scroll of fear {unknown}
 k - a scroll of magic mapping {unknown}
Potions
 b - a potion of lignification {!q}
 c - 2 potions of haste {unknown}
 d - a potion of ambrosia {unknown}
 l - a potion of mutation {unknown}


   Skills:
 - Level 0.7 Fighting
 - Level 2.6 Dodging
 * Level 3.3 Unarmed Combat
 + Level 3.2 Spellcasting
 + Level 3.7 Transmutations


You had 2 spell levels left.
You knew the following spells:

 Your Spells              Type           Power      Damage    Failure   Level
a - Beastly Appendage     Tmut           24%        N/A       13%         1
b - Spider Form           Tmut/Pois      7%         N/A       50%         3
w - Wereblood             Tmut           12%        N/A       19%         2

Your spell library contained the following spells:

 Spells                   Type           Power      Damage    Failure   Level
 Ozocubu's Armour         Ice            2%         N/A       75%         3
 Ice Form                 Ice/Tmut       7%         N/A       85%         4
 Ozocubu's Refrigeration  Ice            1%         4d7       100%        7


Dungeon Overview and Level Annotations

Branches:
Dungeon (3/15)

Altars:
Dithmenos
Sif Muna
Wu Jian

Annotations:
D:3 3 runed translucent doors, Ijyb; sastreii's ghost, amateur FoFi


Innate Abilities, Weirdness & Mutations

You are a venomous arachnid creature.
You have venomous fangs.
You are tiny and dextrous.
Your spellcasting is less reliable in this form.
Your armour is entirely melded.
You are incapable of wielding weapons or throwing items.
You are very small and have problems with some larger weapons.
You are too small for most types of armour.
You have supernaturally acute eyesight. (SInv)
((You cover ground extremely quickly. (Speed+++)))


Message History

The dart slug launches a dart at you. The slug dart misses you.
You hit the dart slug.
You kill the dart slug!
The Council accepts your kill.
No target in view!
Ijyb the Twisted Goblin comes into view.
She is wielding a +0 dagger and carrying a wand of roots (9).
Ijyb shouts!
You see here a scroll labelled OGGOGASCH VUUP.
Ijyb is nearby!
Casting: Beastly Appendage (safe; 4% risk of failure)
Confirm with . or Enter, or press ? or * to list all spells.
The spell is astonishingly dangerous to miscast (28% risk of failure)!
Continue anyway?
Your horns disappear.
Your talons disappear.
You turn into a venomous arachnid creature.
Your +0 robe melds into your body.
Ijyb hits you but does no damage.
You hit Ijyb.
Ijyb is poisoned.
Ijyb is moderately wounded.
Ijyb zaps a wand.
The roots erupt in riotous growth!
The grasping roots grab you!
Ijyb is unaffected.
The grasping roots constrict you.
You hit Ijyb.
Ijyb looks as sick as possible!
Ijyb is moderately wounded.
Ijyb closely misses you. The grasping roots constrict you.
Unknown command.
You escape the roots grasp.
You spin and attack Ijyb.
You hit Ijyb but do no damage.
Ijyb looks as sick as possible!
Ijyb is moderately wounded.
Your transformation is almost over.
Ijyb zaps a wand.
The roots erupt in riotous growth!
The grasping roots grab you!
Ijyb is unaffected.
The grasping roots constrict you.
* * * LOW HITPOINT WARNING * * *
Unknown command.
You hit Ijyb.
Ijyb looks as sick as possible!
Ijyb is severely wounded.
Ijyb drinks a potion.
Ijyb is healed!
Ijyb looks more healthy.
The grasping roots constrict you.
You die...

#.. ..# #.# #.# #.# #.# #######
#.# #.# #.....# #.# #.# #.....#
#.# #.# #.....#
#######.########g##########.....#
................s.............>.#
###.###.####...?!..###########.##
#.###.# #†......# #.## #...#.#
#.......######## #... #...#.#
#.......##.....# #..#
##...#.########.#.##.....# #..#
#........# #[#.##.....# ##..#
#........# #.#.##.....###...#
#........# #.#.##.....##..#.#


You could see Ijyb.

Vanquished Creatures
  2 adders (D:2)
  A shadow imp (D:3)
  An ufetubus (D:3)
  A dart slug (D:3)
  4 ball pythons
  An endoplasm (D:3)
  A goblin (D:2)
  3 hobgoblins
  6 jackals (D:1)
  A kobold (D:3)
  2 quokkas (D:3)
  4 bats
  2 frilled lizards (D:2)
  A rat (D:1)
30 creatures vanquished.

Vanquished Creatures (others)
  3 fungi (D:3)
  9 plants (D:2)
12 creatures vanquished.

Grand Total: 42 creatures vanquished

Notes
Turn   | Place    | Note
-------+----------+-------------------------------------------
     0 | D:1      | mopl the Spriggan Transmuter began the quest for the Orb.
     0 | D:1      | Reached XP level 1. HP: 9/9 MP: 5/5
    52 | D:1      | Found a faded altar of an unknown god.
    53 | D:1      | Noticed a floating eye
    56 | D:1      | Noticed a golden eye
    56 | D:1      | Noticed an eye of devastation
    56 | D:1      | Noticed a great orb of eyes
    61 | D:1      | Prayed at the altar of an unknown god.
    61 | D:1      | Became a worshipper of the Wu Jian Council
    61 | D:1      | Reached * piety under Wu Jian
   281 | D:1      | Reached skill level 3 in Transmutations
   358 | D:1      | Reached XP level 2. HP: 14/14 MP: 4/6
   501 | D:1      | Learned a level 2 spell: Wereblood
   917 | D:2      | Reached skill level 3 in Unarmed Combat
   954 | D:2      | Reached skill level 3 in Spellcasting
   954 | D:2      | Reached XP level 3. HP: 12/17 MP: 6/8
  1182 | D:2      | Learned a level 3 spell: Spider Form
  1349 | D:2      | You fall into a shaft and drop 1 floor!
  1394 | D:3      | Found a runed translucent gate.
  1396 | D:3      | Found a runed translucent gate.
  1424 | D:3      | Found a shimmering blue altar of Sif Muna.
  1442 | D:3      | Found a shadowy altar of Dithmenos.
  1447 | D:3      | Reached ** piety under Wu Jian
  1500 | D:3      | Found a runed translucent gate.
  1507 | D:3      | Noticed sastreii's ghost (amateur FoFi)
  1512 | D:3      | Identified the +0 chain mail of the Sunfish {Harm *Corrode
                  | rC++ rN+ Str-2}
  1735 | D:3      | Noticed Ijyb
  1745 | D:3      | Constricted to death by Ijyb

Illustrated notes

Levels and vault maps discovered:
D:1:      matt_arrival_grand_opening, layout_basic,
          hellmonk_ecumenical_altar_watching_god, kennysheep_another_room,
          minmay_misc_feat_roman
D:2:      layout_rooms, serial_bayou_lagoon_a, minmay_misc_feat_room,
          corexii_item_surrounded_by_moat, roderic_serpentine_path,
          moated_statue
D:3:      layout_basic, mainiacjoe_overflow_catch_the_wave,
          biasface_ghost_orc_armoury, uniq_ijyb, uniq_grinder

Skill      XL: |  1  2 |
---------------+-------+-----
Transmutations | 3 |  3.7
Unarmed Combat | 3 |  3.3
Spellcasting   | 3 |  3.2
Fighting       | |  0.7
Dodging        | |  2.6

Action                     || total
---------------------------++-------
  Melee: Unarmed           ||    97
         Kick              ||    17
         Headbutt          ||     7
         Punch             ||     2
   Cast: Beastly Appendage ||    21
         Spider Form       ||     1
Ability: Lunge             ||     2
         Whirlwind         ||     1
         Wall Jump         ||     1
   Stab: Sleeping          ||     1
 Armour: Robe              ||    10
         Skin              ||     1
  Dodge: Dodged            ||    73

Table legend: (Time is in decaauts)
 A = Elapsed time spent in this place.
 B = Non-inter-level travel time spent in this place.
 C = Inter-level travel time spent in this place.
 D = Time resting spent in this place.
 E = Time spent auto-exploring this place.
 F = Levels seen in this place.
 G = Mean time per level.
                   A        B        C        D        E       F      G
               +--------+--------+--------+--------+--------+-----+--------+
         Total |   1135 |   1122 |     13 |     61 |    841 |   3 |  378.3 |
       Dungeon |   1135 |   1122 |     13 |     61 |    841 |   3 |  378.3 |
               +--------+--------+--------+--------+--------+-----+--------+

Top non-repeatable levels by time:
     D:1: 579 daAuts
     D:2: 299 daAuts
     D:3: 257 daAuts
